 Dungeon Crawl Stone Soup version 0.23-a0-49-gd9f7a49 (webtiles) character file.

34 Mgcat the Sneak (level 3, 0/24 HPs)
             Began as a Vampire Enchanter on Aug 7, 2018.
             Slain by an adder (2 damage)
             ... on level 2 of the Dungeon.
             The game lasted 00:02:54 (1204 turns).

Mgcat the Sneak (Vampire Enchanter)                 Turns: 1204, Time: 00:02:54

Health: 0/24       AC:  2    Str:  7    XL:     3   Next: 14%
Magic:  4/6        EV: 13    Int: 17    God:
Gold:   67         SH:  0    Dex: 15    Spells: 5/6 levels left

rFire    . . .     SeeInvis +   a - +1 dagger
rCold    . . .     Gourm    .   (no shield)
rNeg     + . .     Faith    .   b - +0 robe
rPois    .         Spirit   .   (no helmet)
rElec    .         Reflect  .   (no cloak)
rCorr    .         Harm     .   (no gloves)
MR       .....                  (no boots)
Stlth    +++.......             (no amulet)
HPRegen  0.08/turn              (no ring)
MPRegen  0.10/turn              (no ring)

@: lethally poisoned (0 -> -3)
A: fangs 3, see invisible, unbreathing
a: Bat Form


You were on level 2 of the Dungeon.
You were not thirsty.

You visited 1 branch of the dungeon, and saw 2 of its levels.

You collected 67 gold pieces.

Inventory:

Hand Weapons
 a - a +1 dagger (weapon)
 j - a +0 dagger of freezing
   (You took it off a goblin on level 1 of the Dungeon)
Armour
 b - a +0 robe (worn)
Scrolls
 e - a scroll of remove curse {unknown}
 f - a scroll of identify {unknown}
 i - a scroll of magic mapping {unknown}
Potions
 c - a potion of invisibility {unknown}
 d - 14 potions of blood {@q1}
 g - a potion of mutation {unknown}
 h - a potion of ambrosia {unknown}


   Skills:
 - Level 1.1 Short Blades
 - Level 2.1 Dodging
 + Level 6.6 Stealth
 - Level 2.0 Spellcasting
 - Level 4.4 Hexes


You had 5 spell levels left.
You knew the following spells:

 Your Spells              Type           Power        Failure   Level  Hunger
a - Corona                Hex            ###....      3%          1    #......

Your spell library contained the following spells:

 Spells                   Type           Power        Failure   Level  Hunger
 Confuse                  Hex            ###.....     10%         3    ###....
 Tukima's Dance           Hex            ###.....     10%         3    ###....
 Ensorcelled Hibernation  Hex/Ice        #.....       12%         2    ###....
 Dazzling Spray           Conj/Hex       #.....       24%         3    ###....


Dungeon Overview and Level Annotations

Branches:
Dungeon (2/15)

Altars:


Innate Abilities, Weirdness & Mutations

You have razor-sharp teeth.
You have supernaturally acute eyesight. (SInv)
You can survive without breathing.


Message History

You see here a short sword.
You are feeling thirsty.
There are no items here.
You see here a dagger of freezing.
j - a dagger of freezing Wield which item (- for none, * to show all)? (? for menu, Esc to quit)
Your +0 dagger of freezing glows with a cold blue light!
j - a +0 dagger of freezing (weapon)
Wield which item (- for none, * to show all)? (? for menu, Esc to quit)
Your +0 dagger of freezing stops glowing.
a - a +1 dagger (weapon)
(D) Dungeon
Where to? (Enter - D:1 @ (x,y), ? - help)
What level of the Dungeon? (default 1, ? - help)
You see here a short sword.
You see here a dagger.
There is an open door here.
There is a stone staircase leading down here.
You climb downwards.
There is a stone staircase leading up here.
You now have 67 gold pieces (gained 10).
You see here a ration.
A worm comes into view.
The helpless worm fails to defend itself.
You impale the worm!!
You kill the worm!
You have reached level 3!
Your experience leads to an increase in your attributes!
Increase (S)trength, (I)ntelligence, or (D)exterity?
You feel agile.
You can now transform into a vampire bat.
Okay, then.
Unknown command.
Unknown command.
Unknown command.
You see here a worm corpse.
A kobold comes into view. It is wielding a dagger.
The kobold shouts!
You hear a shout!
You hear an angry hiss.
You hear a shout!
An adder comes into view.
A goblin comes into view. It is wielding a club.
The kobold completely misses you.
The adder hisses angrily.
You hit the kobold.
The kobold is moderately wounded.
The kobold barely misses you. The kobold misses you.
Casting: Corona (safe; 3% risk of failure)
Confirm with . or Enter, or press ? or * to list all spells.
Aiming: Corona (safe; 3% risk of failure)
Press: ? - help, Shift-Dir - straight line, f - kobold
Aim: a kobold, wielding a dagger (chance to defeat MR: 71%)
The kobold is outlined in light.
The kobold hits you with a dagger.
You barely miss the kobold. The kobold hits you but does no damage.
You hit the kobold but do no damage. The kobold closely misses you.
You hit the kobold.
The kobold is severely wounded.
The kobold barely misses you.
You hit the kobold.
You kill the kobold!
Casting: Corona (safe; 3% risk of failure)
Confirm with . or Enter, or press ? or * to list all spells.
Aiming: Corona (safe; 3% risk of failure)
Press: ? - help, Shift-Dir - straight line, f - goblin
Aim: a goblin, wielding a club (chance to defeat MR: 71%)
The goblin is outlined in light.
The goblin hits you but does no damage.
You barely miss the goblin. The goblin hits you with a club.
You closely miss the goblin. The goblin barely misses you.
You hit the goblin.
The goblin is severely wounded.
You hit the goblin but do no damage.
The goblin is severely wounded.
The goblin stops glowing.
The goblin barely misses you.
You closely miss the goblin.
The goblin is severely wounded.
The goblin hits you but does no damage.
You hit the goblin.
You kill the goblin!
Casting: Corona (safe; 3% risk of failure)
Confirm with . or Enter, or press ? or * to list all spells.
Aiming: Corona (safe; 3% risk of failure)
Press: ? - help, Shift-Dir - straight line, f - adder
Aim: an adder (chance to defeat MR: 62%)
The adder is outlined in light.
The adder bites you. x2
You hit the adder. You bite the adder, but do no damage.
The adder is moderately wounded.
The adder bites you.
You are poisoned.
The adder poisons you!
You hit the adder.
The adder is heavily wounded.
You feel sick. The adder bites you.
* * * LOW HITPOINT WARNING * * *
Okay, then.
Yummy - fresh blood!
The adder misses you.
You barely miss the adder.
The adder is heavily wounded.
The adder bites you.
* * * LOW HITPOINT WARNING * * *
The adder bites you.
You die...

#.#..#.#.#
#.#..#.#.#
#†#..#.#.#
#.#..#.#.#
#.#..#.#.#
#.#..#.#.#
#.#..#...#
#.# #.###
#@# ### #S#
#.# #.# #.#
#.#
#.######.#
#....S...#
########....


You could see an adder.

Vanquished Creatures
  A worm (D:2)
  2 dart slugs (D:1)
  A ball python (D:1)
  A giant cockroach (D:1)
  7 goblins
  A kobold (D:2)
  8 bats (D:1)
  8 rats (D:1)
29 creatures vanquished.

Notes
Turn   | Place    | Note
-------+----------+-------------------------------------------
     0 | D:1      | Mgcat the Vampire Enchanter began the quest for the Orb.
     0 | D:1      | Reached XP level 1. HP: 13/13 MP: 3/3
    71 | D:1      | Reached skill level 5 in Stealth
   254 | D:1      | Reached XP level 2. HP: 14/19 MP: 5/5
   523 | D:1      | Reached skill level 6 in Stealth
  1160 | D:2      | Reached XP level 3. HP: 24/24 MP: 6/6
  1204 | D:2      | HP: 2/24 [adder (5)]
  1204 | D:2      | Slain by an adder

Vault maps used:
D:1:      onia_arrival_handbag, minmay_large_rounded_square

Skill      XL: |  1  2 |
---------------+-------+-----
Stealth        | 5 6 |  6.6
Short Blades   | |  1.1
Dodging        | |  2.1
Spellcasting   | |  2.0
Hexes          | |  4.4

Action                   || total
-------------------------++-------
Melee: Dagger            ||    74
       Bite              ||     7
 Cast: Corona            ||     3
  Use: Potion            ||     1
 Stab: Sleeping          ||    14
Armor: Robe              ||    24
Dodge: Dodged            ||    28

Table legend:
 A = Spawn XP
 B = Non-spawn XP
 C = Spawn XP percentage of total XP
 D = Spawn monster count
 E = Non-spawn monster count
 F = Spawn count percentage of total count
 G = Total turns spent on level
                    A         B        C        D         E        F      G
               +---------+---------+-------+---------+---------+-------+---------
         Total |       0 |      49 |   0.0 |       0 |      29 |   0.0 |  1204
               +---------+---------+-------+---------+---------+-------+---------
           D:1 |       0 |      40 |   0.0 |       0 |      26 |   0.0 |  1117
           D:2 |       0 |       9 |   0.0 |       0 |       3 |   0.0 |    87
               +---------+---------+-------+---------+---------+-------+---------

Vault maps used:
D:1:      onia_arrival_handbag, minmay_large_rounded_square

Table legend:
 A = Turns spent in this place as a percentage of turns spent in the entire game.
 B = Non-inter-level travel turns spent in this place as a percentage of non-inter-level travel turns spent in the entire game.
 C = Inter-level travel turns spent in this place as a percentage of turns spent in this place.
 D = Turns resting spent in this place as a percentage of non-inter-level travel turns spent in this place.
 E = Turns spent auto-exploring this place as a percentage of non-inter-level travel turns spent in this place.
 F = Non-inter-level travel turns spent in this place divided by the number of levels of this place that you've seen.
                   A       B       C       D       E      F
               +-------+-------+-------+-------+-------+----------------------
         Total | 100.0 | 100.0 |   7.6 |  12.0 |  69.1 | 556.5
       Dungeon | 100.0 | 100.0 |   7.6 |  12.0 |  69.1 | 556.5
               +-------+-------+-------+-------+-------+----------------------

Table legend:
 A = Kills in this place as a percentage of kills in entire the game.
 B = Kills by you in this place as a percentage of kills by you in the entire game.
 C = Kills by friends in this place as a percentage of kills by friends in the entire game.
 D = Other kills in this place as a percentage of other kills in the entire game.
 E = Experience gained in this place as a percentage of experience gained in the entire game.
 F = Experience gained in this place divided by the number of levels of this place that you have seen.
                   A       B       C       D       E      F
               +-------+-------+-------+-------+-------+----------------------
         Total | 100.0 | 100.0 |   N/A |   N/A | 100.0 |  24.5
       Dungeon | 100.0 | 100.0 |   N/A |   N/A | 100.0 |  24.5
               +-------+-------+-------+-------+-------+----------------------
